 Dungeon Crawl Stone Soup version 0.20.1-4-g4af34eaf8e (webtiles) character file.

97 Alfie the Shooter (level 4, -2/38 HPs)
             Began as a Minotaur Hunter on Feb 26, 2020.
             Shot with an arrow by a centaur (7 damage)
             ... on level 2 of the Dungeon.
             The game lasted 00:05:33 (1765 turns).

Alfie the Shooter (Minotaur Hunter)                 Turns: 1765, Time: 00:05:34

Health: -2/38      AC:  3    Str: 18    XL:     4   Next: 42%
Magic:  3/3        EV: 12    Int:  8    God:
Gold:   84         SH:  0    Dex: 10    Spells: 3/3 levels left

rFire    . . .     SeeInvis .   b - +1 short sword
rCold    . . .     Gourm    .   (no shield)
rNeg     . . .     Faith    .   c - +0 leather armour
rPois    .         Spirit   .   (helmet restricted)
rElec    .         Reflect  .   (no cloak)
rCorr    .         Harm     .   (no gloves)
MR       .....                  (no boots)
Stlth    +.........             (no amulet)
Regen    0.2/turn               (no ring)
MPRegen  0.1/turn               (no ring)

@: no status effects
A: retaliatory headbutt, horns 2
a: no special abilities


You were on level 2 of the Dungeon.
You were not hungry.

You visited 1 branch of the dungeon, and saw 2 of its levels.

You collected 84 gold pieces.

Inventory:

Hand Weapons
 a - a +1 shortbow
 b - a +1 short sword (weapon)
Missiles
 d - 44 arrows
Armour
 c - a +0 leather armour (worn)
Jewellery
 g - an uncursed amulet of faith {unknown}
Scrolls
 l - 2 scrolls of recharging
 m - a scroll of teleportation
 s - a scroll of identify
 t - a scroll of magic mapping {unknown}
 u - a scroll of random uselessness {unknown}
Potions
 e - a potion of heal wounds {unknown}
 i - a potion of curing {unknown}
 k - 2 potions of agility {unknown}
 n - a potion of berserk rage {unknown}
 o - a potion of brilliance {unknown}
 p - a potion of mutation {unknown}
 r - a potion of magic {unknown}
Comestibles
 f - a bread ration
 h - 2 meat rations
 j - a royal jelly
 q - 2 fruits


   Skills:
 + Level 3.0 Fighting
 + Level 0.9 Short Blades
 + Level 5.6 Bows
 + Level 1.7 Armour
 + Level 2.4 Dodging
 + Level 0.8 Stealth


You had 3 spell levels left.
You didn't know any spells.

Dungeon Overview and Level Annotations

Branches:
Dungeon (2/15)

Altars:
Elyvilon

Annotations:
D:2 Natasha


Innate Abilities, Weirdness & Mutations

You reflexively headbutt those who attack you in melee.
You have a pair of horns on your head.


Message History

The magic dart hits you!
* * * LOW HITPOINT WARNING * * *
You see here an arrow.
Natasha drinks a potion.
Natasha seems to grow stronger.
The centaur shoots an arrow.
The arrow hits you.
* * * LOW HITPOINT WARNING * * *
You see here an arrow.
Really attack while wielding your +1 shortbow? [Y]es or [N]o only, please.
Really attack while wielding your +1 shortbow?
Okay, then.
Wield which item (- for none, * to show all)? (? for menu, Esc to quit)
b - a +1 short sword (weapon)
The rat bites you but does no damage.
You closely miss the rat. Natasha claws you.
* * * LOW HITPOINT WARNING * * *
The rat barely misses you. You furiously retaliate!
You headbutt the rat, but do no damage.
The centaur shoots an arrow.
The arrow hits you!
You die...

.†...#.#)....####(..#............
.8.....#............##.##########
.......#..#....(.......# #
...8.#.#.)......#...###### ######
<....#.#.#####<##........# #.....
....##.(.................# #.....
...#####..........#......###.....
##### #....c(((h........''#.....
#.# #.#######@###........)....
#.# #.# #r# #.............
#.####.# #.# #.............
#.).##.# #.# #.............
#.#.##.#######.# #..(..........
#..............# #.............
###.##.####.#### #....[#'######
#†##.# #.## #######.######
#####.##.####..## #..........


You could see a centaur, Natasha and a rat.

Vanquished Creatures
  Terence (D:2)
  Natasha (D:2)
  A dart slug (D:2)
  2 giant cockroaches (D:2)
  8 goblins
  7 hobgoblins
  3 jackals (D:2)
  2 ball pythons
  7 bats
  A frilled lizard (D:2)
  6 kobolds
  3 rats
42 creatures vanquished.

Notes
Turn   | Place    | Note
-------+----------+-------------------------------------------
     0 | D:1      | Alfie the Minotaur Hunter began the quest for the Orb.
     0 | D:1      | Reached XP level 1. HP: 18/18 MP: 0/0
   329 | D:1      | Reached XP level 2. HP: 21/25 MP: 1/1
   855 | D:2      | Noticed Terence
   866 | D:2      | Killed Terence
   866 | D:2      | Reached skill level 5 in Bows
   866 | D:2      | Reached skill level 1 in Armour
   866 | D:2      | Reached XP level 3. HP: 10/30 MP: 2/2
  1050 | D:2      | Found a white marble altar of Elyvilon.
  1259 | D:2      | Noticed Natasha
  1266 | D:2      | Killed Natasha
  1266 | D:2      | Reached XP level 4. HP: 37/37 MP: 3/3
  1757 | D:2      | Noticed Natasha
  1758 | D:2      | Noticed a centaur
  1765 | D:2      | Shot with an arrow by a centaur

Skill      XL: |  1  2  3  4 |
---------------+-------------+-----
Bows           | 5 |  5.6
Armour         | 1 |  1.7
Fighting       | 3 |  3.0
Short Blades   | |  0.9
Dodging        | |  2.4
Stealth        | |  0.8

Action                   |  1- 3 |  4- 6 || total
-------------------------+-------+-------++-------
Melee: Short sword       |    33 |     1 ||    34
       Headbutt          |     5 |       ||     5
 Fire: Shortbow          |    30 |    22 ||    52
  Use: Scroll            |     5 |     1 ||     6
 Stab: Sleeping          |     1 |       ||     1
  Eat: Bread ration      |     1 |       ||     1
Armor: Leather armour    |    19 |     2 ||    21
Dodge: Dodged            |    34 |     4 ||    38
